 Dungeon Crawl Stone Soup version 0.30-a0-924-g0ad0bf95bc (webtiles) character file.

Game seed: 4325164695027169989

1309 jlumianski the Chopper (level 8, -6/61 HPs)
             Began as a Demonspawn Fighter on Mar 22, 2023.
             Mangled by a freezing wraith (10 damage)
             ... summoned by a worldbinder
             ... on level 1 of the Abyss.
             The game lasted 00:17:55 (4604 turns).

jlumianski the Chopper (Demonspawn Fighter)         Turns: 4604, Time: 00:17:57

Health: -6/61      AC:  9    Str: 18    XL:     8   Next: 32%
Magic:  8/8        EV: 12    Int: 11    God:
Gold:   251        SH:  4    Dex: 12    Spells: 7/7 levels left

rFire   . . .      SeeInvis .    F - +2 broad axe (flame)
rCold   . . .      Faith    .    c - +0 buckler
rNeg    . . .      Spirit   .    x - +0 chain mail
rPois   .          Reflect  .    (helmet restricted)
rElec   .          Rampage  .    (no cloak)
rCorr   .                        (no gloves)
Will    +....                    (no boots) Stlth
                                 (no amulet)
HPRegen 0.30/turn                r - +5 ring of evasion
MPRegen 0.11/turn                q - ring of willpower

@: about to teleport, slowed, very slow
A: horns 1, demonic guardian 1, powered by death 1
a: no special abilities


You were on level 1 of the Abyss.
You visited 1 branch of the dungeon, and saw 7 of its levels.
You visited the Abyss 1 time.
You also visited: Sewer.

You collected 251 gold pieces.

Inventory:

Hand Weapons
 a - a +0 war axe
 g - a +0 whip of electrocution
 l - a +2 whip of draining
 E - a +2 war axe of draining
 F - a +2 broad axe of flaming (weapon)
Missiles
 e - 17 poisoned darts (quivered)
 j - 49 stones
Armour
 b - a +0 scale mail
 c - a +0 buckler (worn)
 x - a +0 chain mail (worn)
 D - a +0 cloak
 G - +0 swamp dragon scales
Jewellery
 k - a +6 ring of intelligence
 m - a ring of positive energy
 q - a ring of willpower (right hand)
 r - a +5 ring of evasion (left hand)
Wands
 C - a wand of polymorph (12)
Scrolls
 i - 2 scrolls of amnesia
 t - a scroll of blinking
 w - a scroll of butterflies {unknown}
 y - 2 scrolls of immolation {unknown}
 A - a scroll of noise {unknown}
Potions
 d - a potion of might
 f - 2 potions of lignification
 h - 2 potions of heal wounds
 n - a potion of attraction
 o - a potion of mutation
 v - a potion of resistance
 z - a potion of flight
 B - 2 potions of curing {unknown}
 H - a potion of cancellation {unknown}


   Skills:
 + Level 4.7 Fighting
 + Level 6.4 Axes
 + Level 2.3 Throwing
 + Level 5.0 Armour
 + Level 1.4 Dodging
 + Level 0.3 Stealth
 + Level 3.6 Shields


You had 7 spell levels left.
You didn't know any spells.
Your spell library was empty.

Dungeon Overview and Level Annotations

Branches:
Dungeon (7/15)             Temple (0/1) D:5           Sewer (visited)

Altars:
Ashenzari
Gozag

Shops:
D:5 *


Innate Abilities, Weirdness & Mutations

You have a pair of small horns on your head.
A weak demonic guardian rushes to your aid.
You regenerate a little health from kills.


Message History

The necromancer hits you with a +3 dagger.
Okay, then.
You hit the worldbinder. You burn the worldbinder.
The worldbinder is moderately damaged.
You barely miss the necromancer.
The worldbinder calls forth creatures from the Crypt!
The necromancer hits you but does no damage.
The worldbinder barely misses you.
The worldbinder hits you but does no damage.
As you read the scroll of teleportation, it crumbles to dust.
You feel strangely unstable.
You feel the power of the Abyss delaying your translocation!
The necromancer disappears in a puff of smoke!
The worldbinder hits you.
A demonic guardian appears!
The worldbinder hits you. Something hits your shadow imp.
You hit the worldbinder. You burn the worldbinder.
The worldbinder is heavily damaged.
You closely miss the freezing wraith.
The worldbinder hits you but does no damage. x2
The freezing wraith hits you. The freezing wraith freezes you!
The freezing wraith hits you. The freezing wraith drains your vigour!
You feel yourself slow down.
Your shadow imp hits the freezing wraith.
Something hits your shadow imp!
Your shadow imp dies!
Your shadow imp disappears in a puff of smoke!
The worldbinder hits you but does no damage. x2
You barely miss the worldbinder.
You headbutt the worldbinder, but do no damage.
The worldbinder is heavily damaged.
You hit the freezing wraith but do no damage.
The worldbinder barely misses you. The worldbinder closely misses you.
The freezing wraith hits you.
* * * LOW HITPOINT WARNING * * *
The freezing wraith freezes you!
* * * LOW HITPOINT WARNING * * *
The freezing wraith barely misses you. The worldbinder hits you.
* * * LOW HITPOINT WARNING * * *
The worldbinder closely misses you. The freezing wraith hits you!
You die...

##.##.. .#
### #
#.#.####...
#.
##.#.#..###.
. .#.#....
... ....
....##### .
###.#.......#
#p.#.....#...
#xWp...... #
#@#.#####.#..
###... #...
...#.# # .
#..#. .# #
...# # .# ..
.. .#


You could see a freezing wraith (summoned), 2 necromancers and a worldbinder.

Vanquished Creatures
  Maggie (D:6)
  An ice beast (D:7)
  Pargi (Sewer)
  An ogre (D:4)
  A bullfrog (D:7)
  2 scorpions (D:4)
  4 hounds
  A jelly (D:5)
  2 gnoll boudas
  4 iguanas
  9 gnolls
  9 adders
  A shadow imp (D:4)
  A worm (D:3)
  2 dart slugs
  10 orcs
  5 bats
  3 endoplasms
  6 giant cockroaches
  8 goblins
  7 hobgoblins
  4 quokkas
  7 ball pythons
  2 frilled lizards (Sewer)
  7 kobolds
  8 rats
107 creatures vanquished.

Vanquished Creatures (collateral kills)
  An orc (D:5)
1 creature vanquished.

Grand Total: 108 creatures vanquished

Notes
Turn   | Place    | Note
-------+----------+-------------------------------------------
     0 | D:1      | jlumianski the Demonspawn Fighter began the quest for the
                  | Orb.
     0 | D:1      | Reached XP level 1. HP: 18/18 MP: 1/1
    56 | D:2      | Gained mutation: You have a pair of small horns on your
                  | head. [demonic ancestry]
    56 | D:2      | Reached XP level 2. HP: 24/24 MP: 2/2
   892 | D:2      | Found a faded altar of an unknown god.
  1032 | D:2      | Reached XP level 3. HP: 29/29 MP: 3/3
  1057 | D:2      | Reached skill level 2 in Axes
  1684 | D:3      | Reached XP level 4. HP: 25/35 MP: 4/4
  1742 | D:3      | Reached skill level 3 in Axes
  1900 | D:3      | Reached XP level 5. HP: 37/41 MP: 5/5
  2165 | D:3      | Found a broken altar of Ashenzari.
  2362 | D:4      | Reached skill level 4 in Axes
  2367 | D:5      | Entered Level 5 of the Dungeon
  2477 | D:5      | Gained mutation: A weak demonic guardian rushes to your
                  | aid. [demonic ancestry]
  2477 | D:5      | Reached XP level 6. HP: 27/47 MP: 6/6
  2494 | D:5      | Found a glowing drain.
  2564 | Sewer    | Entered a sewer
  2662 | Sewer    | Noticed Pargi
  2677 | Sewer    | Killed Pargi
  2678 | Sewer    | Reached skill level 5 in Axes
  2678 | Sewer    | Reached skill level 1 in Dodging
  2893 | D:5      | Found Gozag's Platinum Reserve.
  2893 | D:5      | Found an opulent altar of Gozag.
  2955 | D:4      | Reached XP level 7. HP: 24/54 MP: 7/7
  3516 | D:4      | Reached skill level 1 in Throwing
  4205 | D:6      | Noticed Maggie
  4289 | D:6      | Killed Maggie
  4290 | D:6      | Reached skill level 6 in Axes
  4290 | D:6      | Gained mutation: You regenerate a little health from kills.
                  | [demonic ancestry]
  4290 | D:6      | Reached XP level 8. HP: 55/61 MP: 8/8
  4499 | D:7      | Reached skill level 5 in Armour
  4506 | Abyss:1  | Cast into level 1 of the Abyss (gnoll)
  4586 | Abyss:1  | Noticed a worldbinder
  4591 | Abyss:1  | Noticed a freezing wraith
  4595 | Abyss:1  | Noticed a necromancer
  4600 | Abyss:1  | Noticed a freezing wraith
  4602 | Abyss:1  | Noticed a necromancer
  4604 | Abyss:1  | Noticed a necromancer
  4604 | Abyss:1  | Mangled by a freezing wraith

Illustrated notes

Levels and vault maps discovered:
D:1:      dpeg_arrival_tiny_d, layout_loops_cross, serial_co_window_serial,
          co_window_paths_b, co_window_corner_a, co_window_of_opportunity_a,
          co_window_paths_a, co_window_paths_a, co_window_broadway_b,
          co_window_of_opportunity_b, co_window_broadway_a, co_window_cross_3,
          minivault_23
D:2:      layout_loops_ring, ebering_ecumenical_altar_box
D:3:      minmay_evil_eye, layout_rooms, ashenzari_altar_1, serial_bayou_pond_e
D:4:      layout_loops_ring, hangedman_abyss_or_decor_stabs,
          corexii_item_surrounded_by_moat, serial_park_tiny_1,
          nicolae_hexahallways
D:5:      layout_basic, nicolae_gozag_zags_fifth_avenue,
          minmay_temple_entry_grid, portal_sewer_entry_a
D:6:      layout_basic, kennysheep_generic_room_15, uniq_maggie
D:7:      nzn_winding_woodlands_medium [nzn_winding_woodlands_5x5_cross,
          nzn_winding_woodlands_5x15_sawtooth,
          nzn_winding_woodlands_5x5_checkerboard,
          nzn_winding_woodlands_5x5_three,
          nzn_winding_woodlands_center_pierced_h,
          nzn_winding_woodlands_5x5_open_star,
          nzn_winding_woodlands_5x5_closed_star,
          nzn_winding_woodlands_5x15_pockets,
          nzn_winding_woodlands_5x5_perimeter], layout_loops_ring,
          enter_bailey_2, david_defended_altar_orc
Abyss:1:  base:
D:6

Skill      XL: |  1  2  3  4  5  6  7  8 |
---------------+-------------------------+-----
Shields        | 3 |  3.6
Armour         | 3 4 5 |  5.0
Axes           | 2 3 4 5 6 |  6.4
Dodging        | 1 |  1.4
Fighting       | 4 |  4.7
Throwing       | 2 |  2.3
Stealth        | |  0.3

Action                     |  1- 3 |  4- 6 |  7- 9 || total
---------------------------+-------+-------+-------++-------
  Melee: War axe           |    61 |   143 |    74 ||   278
         Headbutt          |     3 |    23 |    19 ||    45
         Broad axe         |       |       |    32 ||    32
  Throw: Dart              |     1 |     2 |    12 ||    15
    Use: Potion            |     1 |     1 |     2 ||     4
         Scroll            |       |     6 |     7 ||    13
 Armour: Scale mail        |    31 |    50 |     2 ||    83
         Chain mail        |       |       |    43 ||    43
  Dodge: Dodged            |    34 |   121 |    85 ||   240
  Block: Buckler           |     8 |    38 |    22 ||    68

Table legend: (Time is in decaauts)
 A = Elapsed time spent in this place.
 B = Non-inter-level travel time spent in this place.
 C = Inter-level travel time spent in this place.
 D = Time resting spent in this place.
 E = Time spent auto-exploring this place.
 F = Levels seen in this place.
 G = Mean time per level.
                   A        B        C        D        E       F      G
               +--------+--------+--------+--------+--------+-----+--------+
         Total |   4730 |   4596 |    134 |    240 |   2560 |   9 |  525.6 |
       Dungeon |   4339 |   4205 |    134 |    208 |   2462 |   7 |  619.9 |
         Abyss |     99 |     99 |      0 |      0 |      0 |   1 |   99.0 |
         Sewer |    291 |    291 |      0 |     32 |     98 |   1 |  291.0 |
               +--------+--------+--------+--------+--------+-----+--------+

Top non-repeatable levels by time:
     D:4: 1168 daAuts
     D:1: 848 daAuts
     D:3: 746 daAuts
     D:2: 711 daAuts
     D:5: 594 daAuts
   Sewer: 291 daAuts
     D:7: 177 daAuts
 Abyss:1: 99 daAuts
     D:6: 92 daAuts
